Map: Ulrena

Players

LilDicky

  • Race: Terran Terran
  • League: Diamond

MechTastic - Winner!

  • Race: Terran Terran
  • League: Diamond

VOD

http://www.twitch.tv/tumescentpie

Description

Time

  • Played on: Dec. 13, 2015, 9:06 p.m.
  • Length: 7:23
Show
View Real Time Build Order
Export as new Build Order

LilDicky Terran 

Build Orders:  

Get SALT Encoding   

  12  0:01  SCV  
  13  0:13  SCV  
  14  0:22  Supply Depot  
  14  0:26  SCV  
  15  0:39  Refinery  
  15  0:43  SCV  
  15  0:44  Barracks  
  16  0:56  SCV  
  17  1:08  SCV  
  18  1:17  Barracks  
  18  1:23  Barracks  
  18  1:31  Reaper  
  20  1:36  Supply Depot  
  19  1:52  Orbital Command  
  19  1:57  Refinery  
  19  2:03  Reaper  
  19  2:06  Reaper  
  21  2:18  SCV  
  23  2:22  Reaper  
  23  2:36  Reaper  
  24  2:39  SCV  
  24  2:41  Supply Depot  
  24  2:42  Reaper  
  25  2:54  SCV  
  25  2:55  Reaper  
  27  3:06  SCV  
  27  3:08  Reaper  
  29  3:14  Reaper  
  29  3:18  SCV  
  28  3:35  Reaper  
  28  3:40  Reaper  
  30  3:46  Reaper  
  30  3:47  SCV  
  32  3:57  Command Center  
  32  3:58  Supply Depot  
  32  3:59  SCV  
  33  4:11  SCV  
  32  4:36  Marine  
  29  4:42  SCV  
  29  4:43  Factory  
  30  4:47  Supply Depot  
  30  4:54  SCV  
  30  4:59  Marine  
  30  5:10  Orbital Command  
  30  5:16  Bunker  
  30  5:17  Marine  
  30  5:20  SCV  
  32  5:29  Factory Tech Lab, Starport  
  32  5:35  Marine  
  33  5:47  Supply Depot  
  33  5:49  Siege Tank  
  36  5:54  SCV  
  36  5:56  SCV  
  36  6:12  Medivac  
  35  6:26  Siege Tank  
  36  6:34  SCV  
  37  6:47  Starport Tech Lab  
Show
View Real Time Build Order
Export as new Build Order

MechTastic Terran - Winner!

Build Orders:  

Get SALT Encoding   

  12  0:01  SCV  
  13  0:13  SCV  
  14  0:19  Supply Depot  
  14  0:25  SCV  
  15  0:41  SCV  
  16  0:44  Barracks  
  16  0:49  Refinery  
  16  0:54  SCV  
  17  1:07  SCV  
  18  1:19  SCV  
  19  1:31  Marine  
  19  1:32  Orbital Command  
  20  1:42  Command Center  
  20  1:48  Refinery  
  20  1:50  Marine  
  21  1:59  Supply Depot  
  21  2:06  SCV  
  22  2:13  Factory  
  22  2:17  Marine  
  22  2:20  SCV  
  24  2:32  SCV  
  24  2:36  Marine  
  26  2:44  SCV  
  27  2:54  Marine  
  27  2:56  Orbital Command  
  28  2:58  Starport  
  28  2:59  Factory Tech Lab  
  28  3:00  SCV  
  28  3:12  SCV, Marine  
  30  3:14  Supply Depot  
  28  3:28  Cyclone  
  29  3:35  Marine  
  30  3:48  SCV  
  30  3:53  Marine  
  31  4:09  Siege Tank  
  33  4:12  Medivac  
  34  4:21  Supply Depot  
  32  4:29  Orbital Command  
  30  4:36  SCV  
  31  4:52  SCV  
  32  5:06  SCV  
  33  5:07  SCV  
  34  5:18  SCV, Siege Tank  
  34  5:19  SCV  
  34  5:20  Barracks Reactor  
  39  5:22  Supply Depot  
  39  5:25  Barracks  
  39  5:27  Command Center, Barracks  
  39  5:40  SCV x2  
  41  5:45  Medivac  
  42  5:53  SCV x2  
  43  5:57  Marine x2  
  43  5:59  Siege Tank  
  48  6:05  SCV x2  
  50  6:17  SCV x2  
  52  6:22  Barracks Reactor, Barracks Tech Lab  
  52  6:27  Refinery  
  52  6:29  SCV x2  
  52  6:31  Starport Reactor  
  54  6:36  Engineering Bay  
  54  6:38  Engineering Bay  
  54  6:41  SCV x2  
  54  6:42  Orbital Command  
  56  6:53  SCV  
  57  7:01  Marine x2  
Tags
 
Add a new tag
Caveats
  • Supply blocks, unpowered buildings, or Contaminate may cause inaccurate times.
  • Supply counts are checked every 10 seconds.